 Dungeon Crawl Stone Soup version 0.30-a0-950-gbf40cfac39 (webtiles) character file.

Game seed: 18141955324708554992

752 M4edhros the Cudgeller (level 7, -1/48 HPs)
             Began as an Octopode Artificer on Mar 28, 2023.
             Slain by an ogre
             ... wielding a +0 giant club
              (23 damage)
             ... on level 5 of the Dungeon.
             The game lasted 00:04:08 (2015 turns).

M4edhros the Cudgeller (Octopode Artificer)         Turns: 2015, Time: 00:04:08

Health: -1/48      AC:  8    Str: 12    XL:     7   Next: 78%
Magic:  7/7        EV: 15    Int: 13    God:
Gold:   69         SH:  0    Dex: 14    Spells: 6/6 levels left

rFire   . . .      SeeInvis .    h - +1 mace (protect)
rCold   . . .      Faith    .    (no shield)
rNeg    . . .      Spirit   .    (helmet restricted)
rPois   .          Reflect  .    (no amulet)
rElec   .          Rampage  .    (no ring)
rCorr   .                        (no ring)
Will    .....                    (no ring)
Stlth   +++                      (no ring)
HPRegen 0.28/turn                (no ring)
MPRegen 0.10/turn                (no ring)
                                 (no ring)
                                 (no ring)

@: under a protective aura
A: almost no armour, amphibious, 8 rings, camouflage 1, gelatinous body 1,
(nimble swimmer 1), tentacles
a: no special abilities


You were on level 5 of the Dungeon.
You visited 1 branch of the dungeon, and saw 5 of its levels.
You also visited: Sewer.

You collected 69 gold pieces.

Inventory:

Hand Weapons
 h - a +1 mace of protection (weapon)
Missiles
 j - 24 poisoned darts (quivered)
 k - a curare-tipped dart
 r - 8 javelins
Wands
 b - a wand of flame (7)
 c - a wand of charming (11)
 d - a wand of iceblast (5)
Scrolls
 a - 2 scrolls of identify {unknown}
 e - a scroll of poison {unknown}
 g - 4 scrolls of enchant armour {unknown}
 l - a scroll of brand weapon {unknown}
 m - a scroll of fog {unknown}
 n - a scroll of fear {unknown}
 o - a scroll of silence {unknown}
 p - 2 scrolls of teleportation {unknown}
Potions
 f - a potion of haste {unknown}
 i - 3 potions of curing {unknown}
 q - a potion of flight {unknown}
 s - a potion of heal wounds {unknown}


   Skills:
 + Level 4.1 Fighting
 * Level 5.4 Maces & Flails
 + Level 4.7 Dodging
 - Level 1.3 Stealth
 - Level 1.4 Unarmed Combat
 - Level 3.2 Evocations


You had 6 spell levels left.
You didn't know any spells.
Your spell library was empty.

Dungeon Overview and Level Annotations

Branches:
Dungeon (5/15)              Sewer (visited)
 Temple: D:4-7

Altars:
Dithmenos
Okawaru

Shops:
D:4 =

Annotations:
D:4 2 transporters, Morbidden's ghost, amateur DsEE


Innate Abilities, Weirdness & Mutations

You cannot wear most types of armour.
You are amphibious.
You can wear up to eight rings at the same time.
Your skin changes colour to match your surroundings (Stealth+).
Your rubbery body absorbs attacks. (AC +1, EV +1)
((You are camouflaged when in or above water. (Stealth+)))
You have tentacles for arms and can constrict up to eight enemies at once.


Message History

There is a stone staircase leading down here.
You climb downwards.
There is a stone staircase leading up here.
i - 3 fuming coppery potions (gained 1)
Found a stone staircase leading down.
No target in view!
No target in view!
No target in view!
An ogre comes into view. It is wielding a +0 giant club.
An ogre is nearby!
The helpless ogre fails to defend itself.
You hit the ogre.
Your weapon exudes an aura of protection.
The ogre is lightly wounded.
The ogre barely misses you.
You hit the ogre.
Your tentacle-slap misses the ogre.
The ogre is moderately wounded.
You sock the ogre!
The ogre is heavily wounded.
The ogre closely misses you.
You hit the ogre.
The ogre is severely wounded.
The ogre misses you.
You barely miss the ogre.
The ogre is heavily wounded.
The ogre hits you with a +0 giant club!!
Ouch! That really hurt!
You are too injured to fight recklessly!
You are too injured to fight recklessly!
You are too injured to fight recklessly!
You are too injured to fight recklessly!
Aiming: Throw Flame
Press: ? - help, Shift-Dir - straight line, f - ogre
Aim: an ogre, wielding a +0 giant club (heavily wounded, 86% to hit)
The puff of flame hits the ogre!
The ogre is almost dead.
You hit the ogre.
The ogre is almost dead.
The ogre hits you with a +0 giant club!!
You die...

#.#####.# #.#
#.# #.# #.# #.#
#.# #.# #.# #.#
#.# #######.#
#.#
......>.#####.#
#.............#
.#####@####.##
#O# #.# #.# #.#
#.# #.# #^# #.#
..# #.# ..# #.#
... ..#


You could see an ogre.

Vanquished Creatures
  A phantom (D:4)
  5 kobold brigands (Sewer)
  A bullfrog (D:4)
  An iguana (D:4)
  An orc wizard (D:4)
  3 gnolls (D:4)
  6 adders
  3 river rats (Sewer)
  2 worms (D:4)
  6 orcs
  6 endoplasms
  A giant cockroach (D:3)
  5 goblins
  3 jackals (D:4)
  4 quokkas
  4 ball pythons
  A frilled lizard (D:2)
  8 kobolds
  6 rats
67 creatures vanquished.

Vanquished Creatures (collateral kills)
  A kobold brigand (Sewer)
  2 gnolls (D:4)
  2 goblins (D:4)
5 creatures vanquished.

Vanquished Creatures (others)
  A gnoll bouda (D:4)
1 creature vanquished.

Grand Total: 73 creatures vanquished

Notes
Turn   | Place    | Note
-------+----------+-------------------------------------------
     0 | D:1      | M4edhros the Octopode Artificer began the quest for the
                  | Orb.
     0 | D:1      | Reached XP level 1. HP: 13/13 MP: 1/1
    78 | D:2      | Reached skill level 1 in Unarmed Combat
    78 | D:2      | Reached XP level 2. HP: 11/18 MP: 2/2
   321 | D:3      | Found a shadowy altar of Dithmenos.
   379 | D:3      | Reached XP level 3. HP: 22/23 MP: 3/3
   413 | D:3      | Found a glowing drain.
   429 | Sewer    | Entered a sewer
   453 | Sewer    | Noticed a kobold brigand
   453 | Sewer    | Noticed a kobold brigand
   475 | Sewer    | Killed a kobold brigand
   476 | Sewer    | Reached skill level 2 in Maces & Flails
   476 | Sewer    | Reached XP level 4. HP: 20/29 MP: 4/4
   482 | Sewer    | Killed a kobold brigand
   483 | Sewer    | Reached XP level 5. HP: 15/35 MP: 5/5
   770 | Sewer    | Noticed a kobold brigand
   777 | Sewer    | Killed a kobold brigand
   778 | Sewer    | Reached skill level 3 in Maces & Flails
   778 | Sewer    | Reached XP level 6. HP: 13/41 MP: 6/6
   961 | Sewer    | Reached skill level 4 in Maces & Flails
  1116 | Sewer    | Reached XP level 7. HP: 41/46 MP: 7/7
  1509 | D:4      | Found a transporter.
  1510 | D:4      | Noticed Morbidden's ghost (amateur DsEE)
  1511 | D:4      | Found a transporter.
  1521 | D:4      | Found Cimoypapn's Jewellery Shoppe.
  1647 | D:4      | Reached skill level 5 in Maces & Flails
  1705 | D:4      | Found an iron altar of Okawaru.
  1974 | D:5      | Entered Level 5 of the Dungeon
  2015 | D:5      | Slain by an ogre

Illustrated notes

Levels and vault maps discovered:
D:1:      dpeg_arrival_houses_and_road, layout_loops_ring,
          shapermc_ecumenical_altar_mp_highgroup
D:2:      layout_loops_cross, st_stairs_6, roderic_roman_lattice, uniq_robin,
          uniq_jessica, uniq_natasha
D:3:      layout_loops_ring, nicolae_dithmenos_through_a_glass_darkly,
          portal_sewer_entry_a, biasface_ghost_orc_armoury, uniq_terence
D:4:      cheibrodos_helix_gallery, layout_loops_cross,
          okawaru_metal_pillars_1_2, gammafunk_ghost_smash, serial_shops,
          kennysheep_mini, minmay_misc_feat_tower, minmay_box_of_dots
D:5:      layout_loops_ring, minmay_temple_entry_waves,
          kennysheep_cluttered_room

Skill      XL: |  1  2  3  4  5  6  7 |
---------------+----------------------+-----
Unarmed Combat | 1 |  1.4
Fighting       | 2 3 4 |  4.1
Maces & Flails | 2 3 4 5 |  5.4
Dodging        | 3 4 |  4.7
Stealth        | |  1.3
Evocations     | |  3.2

Action                     |  1- 3 |  4- 6 |  7- 9 || total
---------------------------+-------+-------+-------++-------
  Melee: Unarmed           |    20 |       |       ||    20
         Constrict         |     7 |     7 |    19 ||    33
         Tentacles         |     8 |     7 |    18 ||    33
         Mace              |    13 |    34 |    88 ||   135
         Punch             |       |       |     2 ||     2
  Throw: Dart              |       |     3 |       ||     3
  Evoke: Wand              |     3 |     5 |     4 ||    12
   Stab: Sleeping          |     3 |     5 |    12 ||    20
 Armour: Skin              |     3 |     4 |    20 ||    27
  Dodge: Dodged            |    18 |    15 |    43 ||    76

Table legend: (Time is in decaauts)
 A = Elapsed time spent in this place.
 B = Non-inter-level travel time spent in this place.
 C = Inter-level travel time spent in this place.
 D = Time resting spent in this place.
 E = Time spent auto-exploring this place.
 F = Levels seen in this place.
 G = Mean time per level.
                   A        B        C        D        E       F      G
               +--------+--------+--------+--------+--------+-----+--------+
         Total |   2045 |   2004 |     41 |    137 |   1135 |   6 |  340.8 |
       Dungeon |   1129 |   1088 |     41 |     59 |    581 |   5 |  225.8 |
         Sewer |    916 |    916 |      0 |     78 |    554 |   1 |  916.0 |
               +--------+--------+--------+--------+--------+-----+--------+

Top non-repeatable levels by time:
   Sewer: 916 daAuts
     D:4: 603 daAuts
     D:2: 298 daAuts
     D:3: 164 daAuts
     D:5: 41 daAuts
     D:1: 22 daAuts
